 Dungeon Crawl Stone Soup version 0.16.2-2-g470672f (webtiles) character file.

414 CrazyArbalest the Bolt Thrower (level 6, -11/50 HPs)
             Began as a Centaur Hunter on Aug 21, 2015.
             Was an Initiate of Gozag.
             Killed by divine providence
             ... invoked by an orc priest
              (16 damage)
             ... on level 4 of the Dungeon.
             The game lasted 00:17:36 (4186 turns).

CrazyArbalest the Bolt Thrower (Centaur Hunter)     Turns: 4186, Time: 00:17:36

Health: -11/50     AC: 12    Str: 15    XL:     6   Next: 60%
Magic:  5/5        EV:  7    Int: 10    God:    Gozag
Gold:   369        SH:  0    Dex: 11    Spells: 0 memorised, 5 levels left

rFire  . . .     SeeInvis .     a - +0 war axe
rCold  . . .     Clarity  .     s - +0 ring mail
rNeg   . . .     SustAb   .     (no shield)
rPois  .         Gourm    .     v - +0 helmet
rElec  .         Spirit   .     (no cloak)
rCorr  .         Warding  .     o - +0 pair of gloves
rMut   .         Stasis   .     p - +0 centaur barding
MR     .....                    (no amulet)
Stlth  ..........               (no ring)
                                (no ring)

@: very quick, not resistant to hostile enchantments, extremely unstealthy
A: hooves 3, deformed body, speed 2, tough skin 3
a: Potion Petition, Call Merchant, Bribe Branch, Renounce Religion


You were on level 4 of the Dungeon.
You worshipped Gozag.
Gozag was noncommittal.
You were not hungry.

You visited 1 branch of the dungeon, and saw 4 of its levels.

You collected 467 gold pieces.
You paid 98 gold pieces to Gozag.

Inventory:

Hand weapons
 a - a +0 war axe (weapon)
 b - a +1 hand crossbow
 e - a +0 short sword
 x - a +0 mace
 y - a +0 mace
Missiles
 c - 16 bolts
Armour
 d - a +0 leather armour
 l - a +0 ring mail
 o - a +0 pair of gloves (worn)
 p - a +0 centaur barding (worn)
 s - a +0 ring mail (worn)
 u - a cursed -1 cloak
 v - a +0 helmet (worn)
 z - a +0 helmet
 C - a +0 helmet
Jewellery
 r - a +3 ring of strength {unknown}
 D - an uncursed amulet of resist corrosion {unknown}
 F - an uncursed ring of protection from magic {unknown}
Scrolls
 h - 2 scrolls of recharging {unknown}
 n - 4 scrolls of identify
 q - 2 scrolls of amnesia {unknown}
 w - 2 scrolls of remove curse {unknown}
 A - a scroll of enchant weapon
 B - 2 scrolls of noise {unknown}
 E - a scroll of random uselessness {unknown}
Potions
 g - a potion of experience {unknown}
 i - a potion of agility {unknown}
 j - a potion of invisibility {unknown}
 k - a potion of heal wounds {unknown}
 m - a potion of beneficial mutation {unknown}
 t - a potion of restore abilities {unknown}
 G - a potion of degeneration {unknown}
Comestibles
 f - 5 bread rations


   Skills:
 + Level 2.7 Fighting
 + Level 1.3(1.5) Axes
 + Level 1.0(1.4) Maces & Flails
 * Level 6.2 Crossbows
 + Level 2.3 Armour
 + Level 2.5 Dodging
 + Level 0.8 Stealth


You had 5 spell levels left.
You didn't know any spells.

Dungeon Overview and Level Annotations

Branches:
Dungeon (4/15)
 Temple: D:4-7

Altars:
Dithmenos
Elyvilon
Fedhas
Gozag
Xom

Annotations:
D:3 aliceinspace's ghost, average GrWz


Innate Abilities, Weirdness & Mutations

You have hooves in place of feet.
Armour fits poorly on your strangely shaped body.
You cover ground very quickly.
You have extremely tough skin (AC +3).


Message History

The orc shouts!
The orc hits you with a dagger.
An orc priest comes into view. It is wielding a club.
The orc priest shouts!
You hit the orc but do no damage. The orc barely misses you.
The orc priest becomes somewhat translucent.
You closely miss the orc. The orc barely misses you.
You closely miss the orc. Your kick misses the orc.
The orc hits you with a mace!
You barely miss the orc. The orc hits you but does no damage.
You slash the orc!
You kill the orc!
The orc priest calls down the wrath of Beogh upon you.
Something smites you!
* * * LOW HITPOINT WARNING * * *
You barely miss the orc.
The orc priest mumbles some strange prayers to Beogh against you.
Something smites you!
You die...
Your body crumbles into a pile of gold.

......# #.#
####### #.# #.#
#.# #.# #.# #.#
#.############.#
#...o.oo@......#
################


You could see an orc priest and 2 orcs.

Vanquished Creatures
  A phantom (D:4)
  A scorpion (D:4)
  Crazy Yiuf (D:2)
  2 worker ants
  Robin (D:3)
  5 gnolls (D:2)
  2 adders
  A giant mite (D:2)
  2 worms (D:2)
  An adder skeleton (D:4)
  6 giant geckos
  An ooze (D:1)
  3 orcs
  A ball python (D:2)
  10 bats
  4 giant cockroaches
  16 goblins
  9 hobgoblins
  5 jackals
  2 quokkas
  4 giant newts
  8 kobolds
  8 rats
94 creatures vanquished.

Notes
Turn   | Place    | Note
--------------------------------------------------------------
     0 | D:1      | CrazyArbalest, the Centaur Hunter, began the quest for the Orb.
     0 | D:1      | Reached XP level 1. HP: 17/17 MP: 1/1
   415 | D:1      | Reached XP level 2. HP: 21/24 MP: 2/2
  1111 | D:2      | Reached skill level 5 in Crossbows
  1256 | D:2      | Reached XP level 3. HP: 15/29 MP: 3/3
  1460 | D:2      | Reached XP level 4. HP: 24/36 MP: 3/3
  1567 | D:2      | Reached skill level 1 in Armour
  1595 | D:2      | Found a shimmering altar of Xom.
  1996 | D:2      | Noticed Crazy Yiuf
  2002 | D:2      | Killed Crazy Yiuf
  2002 | D:2      | Reached XP level 5. HP: 41/41 MP: 4/4
  2460 | D:3      | Found an opulent altar of Gozag.
  2463 | D:3      | Became a worshipper of Gozag Ym Sagoz the Greedy
  2512 | D:3      | Noticed Robin
  2520 | D:3      | Killed Robin
  2543 | D:3      | Reached skill level 1 in Maces & Flails
  2631 | D:3      | Noticed aliceinspace's ghost (average GrWz)
  2786 | D:3      | Found a white marble altar of Elyvilon.
  3456 | D:4      | Found a shadowy altar of Dithmenos.
  3609 | D:4      | Reached skill level 6 in Crossbows
  3688 | D:4      | Found a blossoming altar of Fedhas.
  4029 | D:4      | Reached XP level 6. HP: 50/50 MP: 5/5
  4110 | D:4      | Noticed a phantom
  4161 | D:4      | Killed a phantom
  4161 | D:4      | Reached skill level 1 in Axes
  4186 | D:4      | Killed from afar by an orc priest

Action                   |  1- 3 |  4- 6 || total
-------------------------+-------+-------++-------
Melee: Mace              |    53 |    79 ||   132
       Short sword       |    12 |       ||    12
       War axe           |       |   163 ||   163
 Fire: Hand crossbow     |    16 |    13 ||    29
  Use: Scroll            |     2 |       ||     2
  Eat: Chunk             |     1 |     3 ||     4
       Meat ration       |       |     1 ||     1
